 Dungeon Crawl Stone Soup version 0.24-a0-499-g1074bba3cf (webtiles) character file.

Game seed: 14174191374859325451

45 Inarius the Chucker (level 3, -2/29 HPs)
             Began as a Demonspawn Hunter on July 14, 2019.
             Slain by Sigmund
             ... wielding a +7 scythe of venom
              (8 damage)
             ... on level 2 of the Dungeon.
             The game lasted 00:02:34 (1677 turns).

Inarius the Chucker (Demonspawn Hunter)             Turns: 1677, Time: 00:02:35

Health: -2/29      AC: 12    Str: 13    XL:     3   Next: 42%
Magic:  3/3        EV:  3    Int: 12    God:
Gold:   79         SH:  0    Dex: 13    Spells: 2/2 levels left

rFire    . . .     SeeInvis .   a - +0 short sword
rCold    + . .     Gourm    .   (no shield)
rNeg     . . .     Faith    .   e - +1 plate armour {rC+}
rPois    .         Spirit   .   (helmet restricted)
rElec    .         Reflect  .   (no cloak)
rCorr    .         Harm     .   (no gloves)
MR       .....                  (no boots)
Stlth    ..........             (no amulet)
HPRegen  0.09/turn              (no ring)
MPRegen  0.08/turn              (no ring)

@: confused, lethally poisoned (-2 -> -15)
A: horns 1, rugged brown scales 1
a: no special abilities


You were on level 2 of the Dungeon.
You were near starving.

You visited 1 branch of the dungeon, and saw 2 of its levels.

You collected 79 gold pieces.

Inventory:

Hand Weapons
 a - a +0 short sword (weapon)
Missiles
 c - 4 javelins (quivered)
Armour
 b - a +1 helmet
 e - a +1 plate armour of cold resistance (worn)
Scrolls
 j - a scroll of enchant armour
Comestibles
 f - 4 rations


   Skills:
 * Level 3.0 Fighting
 - Level 3.6 Throwing
 + Level 1.4 Armour
 + Level 2.2 Dodging
 - Level 0.8 Stealth


You had 2 spell levels left.
You didn't know any spells.
Your spell library was empty.

Dungeon Overview and Level Annotations

Branches:
Dungeon (2/15)

Altars:

Annotations:
D:2 Sigmund


Innate Abilities, Weirdness & Mutations

You have a pair of small horns on your head.
You are partially covered in rugged brown scales. (AC +1, +3% HP)


Message History

Sigmund is lightly wounded.
You feel sick.
Sigmund hits you with a +7 scythe of venom.
You are lethally poisoned!
You hit Sigmund but do no damage.
Sigmund is lightly wounded.
* * * LOW HITPOINT WARNING * * *
You feel sick. Sigmund barely misses you.
You hit Sigmund.
Sigmund is lightly wounded.
* * * LOW HITPOINT WARNING * * *
You feel sick.
You hit Sigmund but do no damage.
Sigmund is lightly wounded.
* * * LOW HITPOINT WARNING * * *
You feel sick. Sigmund gestures at you while chanting.
You are confused.
Sigmund hits you with a +7 scythe of venom!
You die...

.....##..............#
.....#############.#)#
.....########## #.#.#
.....@...)=(..## #.#.#
.....#######@..###...####
.....# ####...#........#
.....# #......#........#
###### #.#.#+##....>...#
######'#<..##@.......#
#.[........##@.......#
#..........##..#######
#..........###.#
#..........# ...
#............#+#.
#.........#.## #
#.......#...#
########..###


You could see Sigmund.

Vanquished Creatures
  2 adders (D:2)
  A leopard gecko (D:1)
  A ball python (D:1)
  3 bats
  A giant cockroach (D:1)
  3 goblins
  3 hobgoblins (D:1)
  3 jackals (D:1)
  3 frilled lizards (D:1)
  3 kobolds
  3 rats (D:1)
26 creatures vanquished.

Notes
Turn   | Place    | Note
-------+----------+-------------------------------------------
     0 | D:1      | Inarius the Demonspawn Hunter began the quest for the Orb.
     0 | D:1      | Reached XP level 1. HP: 16/16 MP: 1/1
   411 | D:1      | Gained mutation: You are partially covered in rugged brown
                  | scales. (AC +1, +3% HP) [demonic ancestry]
   411 | D:1      | Reached XP level 2. HP: 8/23 MP: 2/2
  1020 | D:2      | Reached skill level 1 in Armour
  1061 | D:2      | Noticed Sigmund
  1500 | D:2      | Gained mutation: You have a pair of small horns on your
                  | head. [demonic ancestry]
  1500 | D:2      | Reached XP level 3. HP: 13/28 MP: 3/3
  1677 | D:2      | Slain by Sigmund

Levels and vault maps discovered:
D:1:      dpeg_chamrin_arrival_tetris, layout_rooms
D:2:      cheibrodos_greedy_goblins, layout_basic, minmay_box_of_dots,
          uniq_sigmund, uniq_crazy_yiuf_cottage

Skill      XL: |  1  2  3 |
---------------+----------+-----
Dodging        | 2 |  2.2
Armour         | 1 |  1.4
Fighting       | 3 |  3.0
Throwing       | |  3.6
Stealth        | |  0.8

Action                   || total
-------------------------++-------
Melee: Short sword       ||   137
       Headbutt          ||     2
Throw: Javelin           ||     2
       Throwing net      ||     2
  Use: Scroll            ||     4
       Potion            ||     3
  Eat: Chunk             ||     1
Armor: Leather armour    ||     7
       Plate armour      ||    96
Dodge: Dodged            ||    42

Table legend:
 A = Non-vault XP
 B = Vault XP
 C = Vault XP percentage of total XP
 D = Non-vault monster count
 E = Vault monster count
 F = Vault count percentage of total count
                 A         B        C        D         E       F
            +---------+---------+-------+---------+---------+-------
      Total |      65 |       0 |   0.0 |      26 |       0 |   0.0
            +---------+---------+-------+---------+---------+-------
        D:1 |      32 |       0 |   0.0 |      19 |       0 |   0.0
        D:2 |      33 |       0 |   0.0 |       7 |       0 |   0.0
            +---------+---------+-------+---------+---------+-------
